[Event "45th FIDE Olympiad 2024"]
[Site "Budapest"]
[Date "2024.09.12"]
[Round "2.53"]
[White "Bachmann, Axel"]
[Black "Vachier-Lagrave, Maxime"]
[Result "1/2-1/2"]
[ECO "A33"]
[WhiteElo "2560"]
[BlackElo "2731"]
[Annotator "TA"]
[PlyCount "83"]
[EventDate "2024.09.05"]
[EventType "team-tourn"]
[EventCountry "HUN"]
[SourceTitle "playchess.com"]
[Source "ChessBase"]
[SourceQuality "1"]
[WhiteTeam "Paraguay"]
[BlackTeam "France"]
[WhiteTeamCountry "PAR"]
[BlackTeamCountry "FRA"]
[TimeControl "40/5400+30:1800+30"]

1. Nf3 c5 2. c4 Nc6 3. d4 cxd4 4. Nxd4 Nf6 5. Nc3 e6 6. a3 Be7 7. e4 O-O 8. Nf3 Qa5 9. Bd2 Qh5 10. Be2 d5 11. exd5 exd5 12. cxd5 Nxd5 {[%emt 0:00:55] [#]} 13. Nd4 $1 Qe5 (13... Qh4 14. Nxc6) 14. Nxc6 bxc6 15. Nxd5 cxd5 16. Bc3 Qg5 17. O-O Rd8 18. Bf3 {[%emt 0:03:46] The position is equal.} Be6 19. Re1 Bf6 20. Re2 Bxc3 21. bxc3 Rac8 22. Re3 Qf6 23. Rc1 d4 24. cxd4 Qxd4 25. Rxc8 Qxd1+ 26. Bxd1 Rxc8 $11 {[%emt 0:00:16][%mdl 4096] Endgame. KRB-KRB} 27. Kf1 Rc1 28. Ke1 Kf8 29. Kd2 Ra1 30. Rc3 a5 31. a4 Bd7 32. Rc4 $1 Ke7 33. Re4+ Kd6 34. Rd4+ Kc7 35. Bb3 f6 36. h4 g5 37. g3 h6 38. Rc4+ Kd6 39. Rd4+ Kc7 40. Rc4+ Kd6 41. Rd4+ Kc7 42. Rc4+ {[%emt 0:00:06] A balanced but interesting game.   Weighted Error Value: White=0.03 (flawless) /Black=0.02 (flawless) .  Inaccurate:     	White=1     	---        OK:         	White=20    	Black=15     Best:        	White=1     	---        Strong:       	White=1     	---} 1/2-1/2

[Event "45th FIDE Olympiad 2024"]
[Site "Budapest"]
[Date "2024.09.12"]
[Round "2.53"]
[White "Andrade, Ivan"]
[Black "Solomon, Joshua"]
[Result "1-0"]
[ECO "B12"]
[WhiteElo "2132"]
[BlackElo "1587"]
[Annotator "NA"]
[PlyCount "89"]
[EventDate "2024.09.05"]
[EventType "team-tourn"]
[EventCountry "HUN"]
[SourceTitle "playchess.com"]
[Source "ChessBase"]
[SourceQuality "1"]
[WhiteTeam "Mozambique"]
[BlackTeam "Antigua and Barbuda"]
[WhiteTeamCountry "MOZ"]
[TimeControl "40/5400+30:1800+30"]

1. e4 c6 2. d4 d5 3. e5 Bf5 4. h4 h6 5. g4 Bh7 6. e6 fxe6 7. Bd3 Bxd3 8. Qxd3 Qd6 9. Ne2 e5 10. dxe5 Qxe5 11. Nbc3 Na6 12. Bf4 Qf6 13. Qg3 O-O-O 14. O-O-O e6 15. g5 Qf7 16. g6 Qe8 17. Be5 Ne7 18. Nf4 Nf5 19. Qh3 Bd6 20. Rhe1 Rf8 21. h5 b5 22. Rd2 Qe7 23. Kd1 d4 24. Bxd6 dxc3 25. Bxe7 Rxd2+ 26. Kc1 Nd4 27. bxc3 Rxc2+ 28. Kb1 Rxf4 29. cxd4 Rfxf2 30. Qxe6+ Kc7 31. Bd6+ Kb6 32. Qg8 b4 33. Qb3 Rc3 34. Bc5+ Kb5 35. a4+ Ka5 36. Bxb4+ Nxb4 37. Qxc3 Kxa4 38. Qa1+ Kb3 39. Re3+ Kc4 40. Qc3+ Kb5 41. Qc5+ Ka4 42. Qxa7+ Kb5 43. Re5+ Kc4 44. Qf7+ Kc3 45. Qxf2 1-0

[Event "45th FIDE Olympiad 2024"]
[Site "Budapest"]
[Date "2024.09.12"]
[Round "2.54"]
[White "Bacrot, Etienne"]
[Black "Delgado Ramirez, Neuris"]
[Result "1/2-1/2"]
[ECO "E11"]
[WhiteElo "2665"]
[BlackElo "2484"]
[Annotator "TA"]
[PlyCount "60"]
[EventDate "2024.09.05"]
[EventType "team-tourn"]
[EventCountry "HUN"]
[SourceTitle "playchess.com"]
[Source "ChessBase"]
[SourceQuality "1"]
[WhiteTeam "France"]
[BlackTeam "Paraguay"]
[WhiteTeamCountry "FRA"]
[BlackTeamCountry "PAR"]
[TimeControl "40/5400+30:1800+30"]

1. d4 Nf6 2. c4 e6 3. Nf3 Bb4+ 4. Bd2 Bxd2+ 5. Qxd2 d5 6. Nc3 O-O 7. e3 Qe7 8. cxd5 exd5 9. Bd3 Nc6 10. h3 Rd8 11. Qe2 Ne4 12. Nd2 (12. a3 {deserves consideration.}) 12... Nxd2 $11 13. Kxd2 Nb4 14. a3 {[%emt 0:02:27] Dodges c5} Nxd3 15. Qxd3 Qf6 16. Ke2 Bf5 17. Qd2 {[%emt 0:00:04] [#]} c5 $1 18. f3 (18. Rhd1 c4) 18... c4 19. Kf2 Rd6 20. Ne2 {[%emt 0:01:53] White is weak on the light squares} Re8 21. Rae1 h5 22. h4 g6 23. Nf4 Qd8 24. g3 Rb6 25. Rc1 Rb5 {[%emt 0:03:32] [#] ...Qb6 is the strong threat.} 26. Rhe1 {[%emt 0:01:32] The position is equal.} a5 27. Re2 Rb3 28. Rc3 {[%emt 0:00:16] Strongly threatening Rxb3.} Rb5 29. Rc1 Rb3 30. Rc3 {[%emt 0:00:08] Black must now prevent Rxb3.} Rb5 {[%emt 0:00:09] Weighted Error Value: White=0.07 (flawless) /Black=0.06 (flawless) .  Mistake:       	White=1     	---        Inaccurate:     	White=2     	Black=1      OK:         	White=9     	Black=10     Best:        	---       	Black=1} 1/2-1/2

[Event "45th FIDE Olympiad 2024"]
[Site "Budapest"]
[Date "2024.09.12"]
[Round "2.54"]
[White "Matthew, Bailey"]
[Black "Jamal, Hamid Harmon Gulamo"]
[Result "0-1"]
[ECO "B27"]
[WhiteElo "1548"]
[BlackElo "1960"]
[Annotator "NA RC"]
[PlyCount "86"]
[EventDate "2024.09.05"]
[EventType "team-tourn"]
[EventCountry "HUN"]
[SourceTitle "playchess.com"]
[Source "ChessBase"]
[SourceQuality "1"]
[WhiteTeam "Antigua and Barbuda"]
[BlackTeam "Mozambique"]
[BlackTeamCountry "MOZ"]
[TimeControl "40/5400+30:1800+30"]

1. e4 c5 2. d4 cxd4 3. c3 g6 4. Nf3 Bg7 5. Bc4 d3 6. Qxd3 Nc6 7. Bf4 Qb6 8. Bb3 Nf6 9. O-O a5 10. a3 Qxb3 11. Nbd2 Qb6 12. Nc4 Qa6 13. e5 Nh5 14. Bg5 b5 15. Ne3 h6 16. Nd5 O-O 17. Nc7 Qb7 18. Nxa8 hxg5 19. Nxg5 Qxa8 20. f4 Qa7+ 21. Kh1 Ba6 22. g4 Nxf4 23. Rxf4 Nxe5 24. Qh3 Bb7+ 25. Re4 Bxe4+ 26. Nxe4 Qb7 27. Qg2 Qc6 28. Rd1 Nxg4 29. Qxg4 f5 30. Qg2 Qxe4 31. Qxe4 fxe4 32. Rxd7 Rf7 33. Rd2 e3 34. Re2 Bh6 35. Kg2 e5 36. h3 a4 37. h4 Rf2+ 38. Rxf2 exf2 39. Kxf2 Bc1 40. Ke2 Bxb2 41. Kd3 Bxa3 42. c4 bxc4+ 43. Kxc4 Be7 0-1

[Event "45th FIDE Olympiad 2024"]
[Site "Budapest"]
[Date "2024.09.12"]
[Round "2.55"]
[White "Cubas, Jose Fernando"]
[Black "Maurizzi, Marc`andria"]
[Result "0-1"]
[ECO "B45"]
[WhiteElo "2417"]
[BlackElo "2595"]
[Annotator "TA"]
[PlyCount "62"]
[EventDate "2024.09.05"]
[EventType "team-tourn"]
[EventCountry "HUN"]
[SourceTitle "playchess.com"]
[Source "ChessBase"]
[SourceQuality "1"]
[WhiteTeam "Paraguay"]
[BlackTeam "France"]
[WhiteTeamCountry "PAR"]
[BlackTeamCountry "FRA"]
[TimeControl "40/5400+30:1800+30"]

1. e4 c5 2. Nf3 Nc6 3. d4 cxd4 4. Nxd4 Nf6 5. Nc3 e6 6. Ndb5 Bc5 7. Bf4 {[%emt 0:05:06] [#] Hoping for Nc7+.} O-O 8. Bc7 Qe7 {[%emt 0:00:05] Strongly threatening ...d5.} 9. Bd6 $1 Bxd6 {[%emt 0:00:05] White is slightly better.} 10. Qxd6 Qd8 11. O-O-O (11. Nc7 $5 Ne8 12. Nxe8 Rxe8 13. Bc4 $14) 11... a6 12. Nd4 Ne7 13. h4 b5 14. Nb3 Ne8 15. Qb4 (15. Qd2 $14) 15... Nc6 $11 16. Qc5 {[%emt 0:00:57][%cal Oc5c6] Qxc6! would now be deadly.} Qc7 17. a3 d6 $36 {[%emt 0:09:13][%mdl 2048] Black fights for an advantage.} 18. Qe3 b4 19. axb4 Nxb4 20. h5 h6 21. Qd4 (21. g4 $14 {stays ahead.}) 21... a5 $17 22. Bb5 e5 23. Qd2 Qb6 24. Ba4 Nf6 25. Qxd6 Qxf2 26. Nc5 {[%emt 0:00:32] Now White is beyond hope.} (26. Qd2 $17 Qg3 27. Rde1) 26... Bg4 $19 (26... Qxg2 27. Rhg1 (27. Qxe5 Bg4 $11) 27... Qf2 28. Rdf1 Qe3+ 29. Kb1 $18) 27. Rdf1 Qe3+ (27... Qxg2 28. Rhg1 Qh3 29. Kb1 $11) 28. Kb1 Rac8 (28... Bxh5 $2 29. Rxf6 (29. Qxe5 Rac8 $11) 29... gxf6 30. Rxh5 Qe1+ 31. Qd1 Qxd1+ 32. Nxd1 $18) (28... Nxh5 29. Nd7 Bxd7 30. Qxd7 $17) 29. Nd3 {[%emt 0:05:22] [#]} (29. Rxf6 gxf6 (29... Rxc5 30. Rff1 $11) 30. Nd7 Bxd7 31. Qxd7) 29... Rxc3 $1 {[%emt 0:02:25][%mdl 512] Black is clearly winning.} 30. Nxb4 (30. Re1 Rxd3) 30... Nxe4 31. Qa6 Nd2+ {[%emt 0:03:41] Weighted Error Value: White=0.73/Black=0.03 (flawless) .  Mistake:       	White=4     	---        Inaccurate:     	White=1     	Black=1      OK:         	White=11    	Black=15     Best:        	White=1     	Black=2      Strong:       	White=1     	---        Brilliant:      	---       	Black=1} 0-1

[Event "45th FIDE Olympiad 2024"]
[Site "Budapest"]
[Date "2024.09.12"]
[Round "2.55"]
[White "Napoleao, Lourenco"]
[Black "Farquhar, Abner"]
[Result "1-0"]
[ECO "D37"]
[WhiteElo "1913"]
[BlackElo "1678"]
[Annotator "NA"]
[PlyCount "75"]
[EventDate "2024.09.05"]
[EventType "team-tourn"]
[EventCountry "HUN"]
[SourceTitle "playchess.com"]
[Source "ChessBase"]
[SourceQuality "1"]
[WhiteTeam "Mozambique"]
[BlackTeam "Antigua and Barbuda"]
[WhiteTeamCountry "MOZ"]
[TimeControl "40/5400+30:1800+30"]

1. d4 d5 2. c4 e6 3. Nf3 Nf6 4. Nc3 Be7 5. Bf4 c6 6. e3 O-O 7. Qc2 Nbd7 8. Rd1 Re8 9. Bd3 dxc4 10. Bxc4 b5 11. Bd3 Bb7 12. O-O a6 13. e4 Nf8 14. Bg5 Qb6 15. Bxf6 Bxf6 16. e5 Be7 17. Ne4 h6 18. Nc5 Red8 19. Be4 Rac8 20. b4 a5 21. a3 Ba8 22. Qb3 Bxc5 23. dxc5 Qc7 24. Rd6 a4 25. Qe3 Rxd6 26. exd6 Qd8 27. Ne5 Nd7 28. Nxd7 Qxd7 29. f4 Re8 30. Re1 Kf8 31. Qd4 Bb7 32. Re3 Bc8 33. Rg3 f5 34. Bxc6 Qf7 35. Bxe8 Qb7 36. d7 e5 37. Qd6+ Kg8 38. Qg6 1-0

[Event "45th FIDE Olympiad 2024"]
[Site "Budapest"]
[Date "2024.09.12"]
[Round "2.56"]
[White "Lagarde, Maxime"]
[Black "Almiron, Antonio"]
[Result "1/2-1/2"]
[ECO "C77"]
[WhiteElo "2598"]
[BlackElo "2312"]
[Annotator "TA"]
[PlyCount "63"]
[EventDate "2024.09.05"]
[EventType "team-tourn"]
[EventCountry "HUN"]
[SourceTitle "playchess.com"]
[Source "ChessBase"]
[SourceQuality "1"]
[WhiteTeam "France"]
[BlackTeam "Paraguay"]
[WhiteTeamCountry "FRA"]
[BlackTeamCountry "PAR"]
[TimeControl "40/5400+30:1800+30"]

1. e4 e5 2. Nf3 Nc6 3. Bb5 a6 4. Ba4 Nf6 5. Nc3 d6 6. Bxc6+ bxc6 7. d4 Nd7 8. Bg5 f6 9. Be3 {[%emt 0:02:07] The position is equal.} Be7 10. Qe2 Nb6 11. O-O-O {[%emt 0:02:58] Black must now prevent dxe5.} Bd7 12. Rd2 ({White should try} 12. Nh4 $14) 12... Qc8 13. Rhd1 {[%emt 0:00:18] [#] Hoping for dxe5.} Bg4 14. h3 Bh5 15. g4 Bf7 16. d5 $36 {[%emt 0:00:32][%mdl 2048] White has some pressure.} c5 17. Nh4 g6 {[%emt 0:00:19][%cal Of6f5] Against Nf5} 18. f4 exf4 19. Bxf4 Nd7 (19... h5 $11) 20. Bh6 {[%emt 0:03:19] White is much more active.} Qb7 21. Rf1 O-O-O 22. Ng2 Rde8 23. Ne3 Bf8 24. Bxf8 Rhxf8 25. Nc4 g5 26. Rf3 Bg6 27. Na5 {[%emt 0:00:46] Excellent horsemanship.} Qa8 28. Re3 Ne5 29. Nd1 Kd7 30. Nf2 Ke7 31. Nd3 Nd7 {[%emt 0:03:25] [#]} 32. h4 $1 {[%emt 0:08:19] Weighted Error Value: White=0.12 (very precise) /Black=0.13 (very precise) .  Mistake:       	White=1     	Black=1      Inaccurate:     	White=2     	Black=4      OK:         	White=10    	Black=8      Best:        	White=1     	---} 1/2-1/2

[Event "45th FIDE Olympiad 2024"]
[Site "Budapest"]
[Date "2024.09.12"]
[Round "2.56"]
[White "Solomon, Jonathan"]
[Black "Joao, Farisse"]
[Result "0-1"]
[ECO "D00"]
[WhiteElo "1536"]
[BlackElo "1851"]
[Annotator "NA"]
[PlyCount "102"]
[EventDate "2024.09.05"]
[EventType "team-tourn"]
[EventCountry "HUN"]
[SourceTitle "playchess.com"]
[Source "ChessBase"]
[SourceQuality "1"]
[WhiteTeam "Antigua and Barbuda"]
[BlackTeam "Mozambique"]
[BlackTeamCountry "MOZ"]
[TimeControl "40/5400+30:1800+30"]

1. d4 d5 2. Bf4 Nf6 3. e3 g6 4. h4 h5 5. Nf3 Bg7 6. Nbd2 Bf5 7. c4 c6 8. Qb3 Qb6 9. Be2 O-O 10. O-O Nbd7 11. Rac1 Rfe8 12. c5 Qxb3 13. axb3 Ne4 14. Nxe4 Bxe4 15. Nd2 Bf5 16. Nf3 Bg4 17. Rfe1 Bxf3 18. Bxf3 e5 19. dxe5 Nxe5 20. Bxe5 Bxe5 21. Rc2 Rad8 22. Rd1 Kg7 23. b4 a6 24. b3 Rd7 25. Rd3 f5 26. g3 Kf6 27. Kg2 Rh7 28. Bd1 Bc7 29. f4 Re4 30. b5 axb5 31. Ra2 Rd7 32. Ra7 Bd8 33. Kf3 Be7 34. Rc3 b4 35. Rc1 d4 36. exd4 Rexd4 37. Be2 R4d5 38. Ra5 b6 39. Ra6 Bxc5 40. Ra8 Rd8 41. Ra7 R5d7 42. Rxc5 bxc5 43. Rxd7 Rxd7 44. Bc4 Re7 45. Kf2 Re4 46. Bd3 c4 47. Bc2 cxb3 48. Bxb3 c5 49. Bc2 c4 50. Bxe4 fxe4 51. Ke2 c3 0-1

[Event "45th FIDE Olympiad 2024"]
[Site "Budapest"]
[Date "2024.09.12"]
[Round "2.57"]
[White "Volokitin, Andrei"]
[Black "Meier, Georg"]
[Result "1/2-1/2"]
[ECO "C11"]
[WhiteElo "2660"]
[BlackElo "2591"]
[Annotator "TA"]
[PlyCount "61"]
[EventDate "2024.09.05"]
[EventType "team-tourn"]
[EventCountry "HUN"]
[SourceTitle "playchess.com"]
[Source "ChessBase"]
[SourceQuality "1"]
[WhiteTeam "Ukraine"]
[BlackTeam "Uruguay"]
[WhiteTeamCountry "UKR"]
[BlackTeamCountry "URU"]
[TimeControl "40/5400+30:1800+30"]

1. e4 e6 2. d4 d5 3. Nc3 Nf6 4. e5 Nfd7 5. f4 c5 6. Nf3 Nc6 7. Be3 cxd4 8. Nxd4 Bc5 9. Qd2 O-O 10. O-O-O Bxd4 11. Bxd4 Qa5 12. Kb1 Rb8 {[%emt 0:01:20] White is slightly better.} 13. Nb5 Qxd2 14. Rxd2 a6 15. Nd6 Nxd4 16. Rxd4 f6 17. exf6 Nxf6 18. Nxc8 Rfxc8 19. c4 b5 20. cxd5 Rd8 21. Be2 Rxd5 22. Rhd1 Kf7 23. Bf3 Rxd4 24. Rxd4 $11 {[%emt 0:00:02][%mdl 4096] Endgame. KRB-KRN} Ke7 {[%emt 0:00:35] Inhibits Rd6.} 25. b4 {[%emt 0:02:11] The position is equal.} h6 26. Kc2 g5 27. Kd3 Rc8 28. Kd2 gxf4 29. Rxf4 Rd8+ 30. Ke3 Nd5+ 31. Ke4 $2 {[%emt 0:02:23][%mdl 40960] Weighted Error Value: White=0.04 (flawless) /Black=0.03 (flawless) .  Loses game:     	White=1     	---        OK:         	White=9     	Black=12    . An unexpected result.} (31. Bxd5 $11 Rxd5 32. Rg4) 1/2-1/2

[Event "45th FIDE Olympiad 2024"]
[Site "Budapest"]
[Date "2024.09.12"]
[Round "2.57"]
[White "Celis, Joel"]
[Black "Cogan, Nicolas"]
[Result "1-0"]
[ECO "B38"]
[WhiteElo "1929"]
[BlackElo "2112"]
[Annotator "ChessBase"]
[PlyCount "113"]
[EventDate "2024.09.05"]
[EventType "team-tourn"]
[EventCountry "HUN"]
[SourceTitle "playchess.com"]
[Source "ChessBase"]
[SourceQuality "1"]
[WhiteTeam "Macau"]
[BlackTeam "Cote d/^Ivoire"]
[WhiteTeamCountry "MAC"]
[TimeControl "40/5400+30:1800+30"]

1. e4 c5 2. Nf3 Nc6 3. d4 cxd4 4. Nxd4 g6 5. c4 Bg7 6. Be3 Qb6 7. Nb5 Qa5+ 8. Bd2 Qd8 9. Bc3 Nf6 10. Nd2 d6 11. Be2 O-O 12. g4 a6 13. Nd4 Qb6 14. Nxc6 bxc6 15. Bf3 e5 16. g5 Nd7 17. Nb3 a5 18. Qxd6 a4 19. c5 Qd8 20. Nd2 Qxg5 21. Qxc6 Ra6 22. Qd5 Qe7 23. Bb4 Nb8 24. Be2 Be6 25. Qd3 Nc6 26. Qxa6 Nxb4 27. Qxa4 Qxc5 28. O-O Bh3 29. Qb3 Bxf1 30. Nxf1 Nc6 31. Qc4 Qd6 32. Rd1 Nd4 33. Ng3 h5 34. Qd3 Rd8 35. Kh1 Qf6 36. Qe3 Kh7 37. f3 Bh6 38. Qf2 Rc8 39. Bd3 Rb8 40. b3 Ra8 41. Bb1 Rc8 42. Ne2 Nxe2 43. Qxe2 Rc3 44. Bd3 Qh4 45. b4 Bf8 46. b5 Bc5 47. a4 Ra3 48. Bc2 Qf4 49. Rf1 Bd4 50. Bd1 Kg7 51. Qc2 Rc3 52. Qe2 Ra3 53. Qg2 Rd3 54. a5 Rd2 55. Qg3 Qe3 56. f4 Qxe4+ 57. Qf3 1-0

[Event "45th FIDE Olympiad 2024"]
[Site "Budapest"]
[Date "2024.09.12"]
[Round "2.58"]
[White "Rodriguez Vila, Andres"]
[Black "Ivanchuk, Vasyl"]
[Result "0-1"]
[ECO "B81"]
[WhiteElo "2417"]
[BlackElo "2635"]
[Annotator "TA"]
[PlyCount "64"]
[EventDate "2024.09.05"]
[EventType "team-tourn"]
[EventCountry "HUN"]
[SourceTitle "playchess.com"]
[Source "ChessBase"]
[SourceQuality "1"]
[WhiteTeam "Uruguay"]
[BlackTeam "Ukraine"]
[WhiteTeamCountry "URU"]
[BlackTeamCountry "UKR"]
[TimeControl "40/5400+30:1800+30"]

1. e4 c5 2. Nf3 d6 3. d4 cxd4 4. Nxd4 Nf6 5. Nc3 a6 6. h3 e6 7. g4 Nfd7 8. Be3 b5 9. Qd2 Bb7 {[%emt 0:00:17] The position is equal.} 10. a3 Nb6 11. O-O-O N8d7 12. Kb1 Rc8 13. Bg5 Qc7 14. f4 h5 15. gxh5 Rxh5 (15... Nc5 $14) 16. h4 $1 $16 Nc4 17. Bxc4 Qxc4 {[%emt 0:00:01] [#]} 18. Rh3 $1 (18. f5 $6 e5 19. Nde2 b4 20. axb4 Qxb4 $11) 18... Nf6 (18... g6 {might work better.} 19. f5 gxf5) 19. f5 (19. e5 $18 {has better winning chances.} dxe5 (19... Ne4 $2 20. Nxe4 Bxe4 21. Rc3 $18) 20. Ndxb5 (20. fxe5 Nd5 $16)) 19... e5 (19... Nxe4 $2 20. Nxe4 Bxe4 21. Rc3 $18) 20. Bxf6 gxf6 21. Nb3 b4 (21... Bxe4 $2 22. Na5 Bxf5 23. Nxc4 $18) 22. axb4 Bxe4 23. Na5 ({White must play} 23. Nxe4 $16 Qxe4 24. Rc3 Rxc3 (24... Qxf5 25. Qe2 $16) 25. Qxc3 Qxf5 26. Qc6+ Qd7 27. Qa8+ (27. Qxa6 Qg4 $18) 27... Qd8 28. Qxa6) 23... Qxb4 $11 24. Qe2 $2 (24. Nxe4 $11 {and White has nothing to worry.} Qxe4 25. Rc3 Qxf5 26. Nc4) 24... Bxf5 $19 {[%emt 0:20:17] This pair of bishops is nice.} (24... Rxf5 $2 25. Nxe4 (25. Qxe4 Qxe4 26. Nxe4 d5 $18) 25... Qxa5 26. Qg4 $18 (26. Nxd6+ Bxd6 27. Rxd6 Rf4 $14)) 25. Qxh5 {[%emt 0:02:03] [#]} Bg4 (25... Bxh3 26. Nd5 Qc5 (26... Qxa5 27. Nxf6+ Ke7 28. Nd5+ Ke8 29. Nf6+ Ke7 30. Nd5+ Ke8 31. Nf6+ $11) 27. Nxf6+ Ke7 28. Nd5+ Ke8 (28... Ke6 29. Qe2 $11) 29. Nf6+ Ke7 30. Nd5+ Ke8 (30... Ke6 31. Qe2 $11) 31. Nf6+ $11) 26. Qh8 {[%emt 0:10:49] aiming for Nd5.} Bxh3 27. Nb3 Be6 {[%emt 0:12:52] ...a5 would now be deadly.} 28. Qxf6 a5 {[%emt 0:03:32][%cal Oa5a4] Hoping for ...a4!} ({Not} 28... Qf4 29. Qxf4 exf4 30. Rd3 $19) 29. Na2 Qe4 {[%emt 0:07:00] Black is clearly winning.} ({Weaker is} 29... Qf4 30. Qxf4 exf4 31. Nxa5 $19) 30. Nc3 (30. Na1 $142) 30... Rxc3 31. bxc3 Bxb3 32. Qf2 {[%emt 0:00:04] [#]} Qa4 $1 {[%emt 0:00:53] Weighted Error Value: White=0.49/Black=0.11 (very precise) .  Loses game:     	White=1     	---        Mistake:       	White=3     	Black=2      Inaccurate:     	---       	Black=2      OK:         	White=10    	Black=12     Best:        	White=2     	Black=4      Strong:       	White=2     	---} 0-1

[Event "45th FIDE Olympiad 2024"]
[Site "Budapest"]
[Date "2024.09.12"]
[Round "2.58"]
[White "De Gondo, Simplice Armel"]
[Black "Mak, Tong Kuan"]
[Result "1-0"]
[ECO "E81"]
[WhiteElo "2045"]
[BlackElo "1902"]
[Annotator "NA"]
[PlyCount "33"]
[EventDate "2024.09.05"]
[EventType "team-tourn"]
[EventCountry "HUN"]
[SourceTitle "playchess.com"]
[Source "ChessBase"]
[SourceQuality "1"]
[WhiteTeam "Cote d/^Ivoire"]
[BlackTeam "Macau"]
[BlackTeamCountry "MAC"]
[TimeControl "40/5400+30:1800+30"]

1. c4 Nf6 2. Nc3 d6 3. d4 g6 4. e4 Bg7 5. f3 O-O 6. Bg5 c6 7. Qd2 a6 8. g4 b5 9. h4 b4 10. Nd1 Qb6 11. h5 Nxe4 12. fxe4 Bxg4 13. Be2 Bxd4 14. Bxg4 Bxg1 15. Qg2 Bd4 16. hxg6 fxg6 17. Be6+ 1-0

[Event "45th FIDE Olympiad 2024"]
[Site "Budapest"]
[Date "2024.09.12"]
[Round "2.59"]
[White "Ponomariov, Ruslan"]
[Black "Vazquez, Facundo"]
[Result "1-0"]
[ECO "B22"]
[WhiteElo "2654"]
[BlackElo "2388"]
[Annotator "TA"]
[PlyCount "117"]
[EventDate "2024.09.05"]
[EventType "team-tourn"]
[EventCountry "HUN"]
[SourceTitle "playchess.com"]
[Source "ChessBase"]
[SourceQuality "1"]
[WhiteTeam "Ukraine"]
[BlackTeam "Uruguay"]
[WhiteTeamCountry "UKR"]
[BlackTeamCountry "URU"]
[TimeControl "40/5400+30:1800+30"]

1. e4 c5 2. Nf3 e6 3. c3 Nf6 4. e5 Nd5 5. Bc4 d6 6. d4 Nc6 7. O-O Be7 {[%emt 0:01:55] Repels Bg5} 8. Bxd5 {[%emt 0:06:33] The position is equal.} exd5 9. exd6 Bxd6 10. Re1+ Ne7 11. dxc5 Bxc5 12. Be3 Bd6 {[%emt 0:04:58] [#]} 13. Bf4 $1 O-O 14. Bxd6 Qxd6 15. Nbd2 Rd8 16. Nd4 Ng6 17. Nf1 Bd7 18. Ne3 Re8 19. Qb3 Bc6 20. Rad1 Nf4 21. Qc2 Rad8 22. g3 Nh3+ 23. Kg2 Ng5 24. h4 Ne4 25. Nef5 {[%emt 0:01:35] Excellent horsemanship.} Qf6 26. f3 Nc5 27. Qd2 Ne6 28. Re3 Nxd4 29. Nxd4 Rxe3 30. Qxe3 Re8 31. Qg5 Qxg5 32. hxg5 $14 {[%emt 0:00:06][%mdl 4096] Endgame. KRB-KRN} g6 33. Rh1 Re5 34. f4 Re3 35. Kf2 Rd3 36. Re1 $1 Rd2+ (36... Kf8 $14) 37. Re2 $16 Rd1 38. g4 Kf8 39. f5 gxf5 40. gxf5 h6 41. gxh6 Rh1 42. Kg3 Rxh6 ({Better is} 42... Bd7) 43. Kf4 $1 Rh1 44. Kg5 Rg1+ 45. Kf6 {[%emt 0:00:00] Hoping for Re7.} Rh1 46. Nf3 {[%emt 0:00:00] aiming for Rh2.} Rh6+ {[%emt 0:00:00] [#]} (46... Bb5 $14 47. Re1 Rh6+ 48. Ke5 Bd3) 47. Kg5 $1 Rh3 48. Nd4 Rh1 {[%emt 0:00:00] [#]} 49. f6 $1 Rg1+ 50. Kf4 Rf1+ 51. Ke5 {[%emt 0:00:00] Rh2 is the strong threat. White is more active.} Bd7 $2 {[%emt 0:00:00] Loses the game.} (51... Ke8 $16) 52. Rh2 $18 (52. Kxd5 Rxf6 53. b3 b6 $11) 52... Kg8 {[%emt 0:00:00] Inhibits Rh8+.} 53. Kd6 (53. Kxd5 Rxf6 54. b4 Rg6 $11) 53... Bc6 (53... Bf5 54. Kc7 (54. Kxd5 Bb1 $18) 54... Bd3) 54. Ke7 {[%emt 0:00:00] Rg2+ would now be deadly. White is clearly winning.} Re1+ 55. Re2 Rxe2+ 56. Nxe2 {[%emt 0:00:00] Black must now prevent Nd4.} Bb5 57. Nf4 Bc6 58. a3 a5 59. Nd3 {[%emt 0:00:52] Weighted Error Value: White=0.05 (flawless) /Black=0.14 (very precise) .  Loses game:     	---       	Black=1      Mistake:       	---       	Black=4      Inaccurate:     	White=3     	Black=3      OK:         	White=19    	Black=17     Best:        	White=5     	Black=5      Strong:       	White=3     	---} 1-0

[Event "45th FIDE Olympiad 2024"]
[Site "Budapest"]
[Date "2024.09.12"]
[Round "2.59"]
[White "Wong, Kai Meng"]
[Black "Manan, Yoboue Hermann"]
[Result "0-1"]
[ECO "D02"]
[WhiteElo "1795"]
[BlackElo "2030"]
[Annotator "NA"]
[PlyCount "84"]
[EventDate "2024.09.05"]
[EventType "team-tourn"]
[EventCountry "HUN"]
[SourceTitle "playchess.com"]
[Source "ChessBase"]
[SourceQuality "1"]
[WhiteTeam "Macau"]
[BlackTeam "Cote d/^Ivoire"]
[WhiteTeamCountry "MAC"]
[TimeControl "40/5400+30:1800+30"]

1. Nf3 Nf6 2. g3 d5 3. d4 e6 4. Bg2 c5 5. e3 Nc6 6. O-O Bd6 7. c3 O-O 8. Nbd2 Re8 9. Qc2 Qb6 10. dxc5 Bxc5 11. b4 Bd6 12. a4 Qc7 13. Rb1 Nxb4 14. Qb3 Nc6 15. Ba3 Na5 16. Bxd6 Qxd6 17. Qb5 b6 18. e4 Bd7 19. Qd3 e5 20. Rfe1 Nb7 21. Nc4 dxc4 22. Qxd6 Nxd6 23. Rbd1 Nb7 24. Nxe5 Bxa4 25. Ra1 Bb5 26. Nxf7 Bc6 27. Ng5 h6 28. Nh3 Bxe4 29. f3 Bc6 30. Rxe8+ Nxe8 31. Nf4 Nc5 32. Ng6 Bb7 33. Ne5 b5 34. Bh3 a5 35. Bf5 a4 36. Kf1 a3 37. Ke2 a2 38. Kd1 Nd6 39. Bc2 Nb3 40. Bxb3 cxb3 41. Kc1 Nc4 42. Nd3 Bxf3 0-1